 Dungeon Crawl Stone Soup version 0.21-a0-200-gb89f83b (webtiles) character file.

135 nikopol the Firebug (level 4, 0/24 HPs)
             Began as a Deep Elf Fire Elementalist on Aug 16, 2017.
             Slain by a worker ant (4 damage)
             ... on level 3 of the Dungeon.
             The game lasted 00:06:11 (2173 turns).

nikopol the Firebug (Deep Elf Fire Elementalist)    Turns: 2173, Time: 00:06:12

Health: 0/24       AC:  2    Str:  5    XL:     4   Next: 96%
Magic:  9/12       EV: 13    Int: 21    God:
Gold:   86         SH:  0    Dex: 15    Spells: 5/11 levels left

rFire    . . .     SeeInvis .   g - +0 dagger
rCold    . . .     Gourm    .   (no shield)
rNeg     . . .     Faith    .   a - +0 robe
rPois    .         Spirit   .   (no helmet)
rElec    .         Reflect  .   (no cloak)
rCorr    .         Harm     .   (no gloves)
MR       .....                  (no boots)
Stlth    ++........             (no amulet)
HPRegen  0.08/turn              (no ring)
MPRegen  0.13/turn              (no ring)

@: no status effects
A: no striking features
a: no special abilities


You were on level 3 of the Dungeon.
You were not hungry.

You visited 1 branch of the dungeon, and saw 3 of its levels.

You collected 86 gold pieces.

Inventory:

Hand Weapons
 g - a +0 dagger (weapon)
Armour
 a - a +0 robe (worn)
Scrolls
 d - 4 scrolls of remove curse {unknown}
 e - 2 scrolls of amnesia {unknown}
 i - 2 scrolls of teleportation {unknown}
 k - 2 scrolls of identify {unknown}
 l - a scroll of enchant armour {unknown}
Potions
 h - 3 potions of brilliance {unknown}
 j - a potion of might {unknown}
Books
 b - a book of Flames

   Spells                             Type                      Level
   a - Flame Tongue                   Conjuration/Fire             1
   b - Throw Flame                    Conjuration/Fire             2
   c - Conjure Flame                  Conjuration/Fire             3
   d - Inner Flame                    Hexes/Fire                   3
   e - Sticky Flame                   Conjuration/Fire             4
   f - Fireball                       Conjuration/Fire             5
Comestibles
 c - 2 bread rations
 f - 3 chunks of flesh
 m - a royal jelly


   Skills:
 + Level 0.4 Fighting
 + Level 2.8 Dodging
 + Level 3.0 Stealth
 + Level 4.2 Spellcasting
 + Level 2.9 Conjurations
 + Level 4.3 Fire Magic


You had 5 spell levels left.
You knew the following spells:

 Your Spells              Type           Power        Failure   Level  Hunger
a - Flame Tongue          Conj/Fire      ###..        2%          1    None
b - Throw Flame           Conj/Fire      ###...       4%          2    #......
c - Conjure Flame         Conj/Fire      ###.....     8%          3    ###....


Dungeon Overview and Level Annotations

Branches:
Dungeon (3/15)

Altars:

Annotations:
D:3 Grinder


Message History

You suddenly lose the ability to move!
Grinder hits you.
A worker ant comes into view.
Grinder hits you.
You writhe in agony.
You can move again.
Casting: Flame Tongue
Confirm with . or Enter, or press ? or * to list all spells.
Aiming: Flame Tongue
Press: ? - help, Shift-Dir - straight line, f/p - Grinder
Aim: Grinder The flame tongue misses Grinder.
Grinder hits you!
You writhe in agony.
* * * LOW HITPOINT WARNING * * *
A bat comes into view.
Grinder says, "What is the universe for?"
Grinder says, "DUCK!"
Grinder gestures at you. You resist with significant effort.
There is a stone staircase leading up here.
The worker ant bites you.
You die...

########## #$.........
#.......... #..........
#.......... #.(?.......
##########.5..b.....
#............a......
#####..........#@..#+##
...............#.#.#
.........#+###$### #
...#####.#..##.#
................
....####.#..##... ....#
#.#...##### (##.# #.#
..# (##.# #.# #..#


You could see Grinder, a worker ant and a bat.

Vanquished Creatures
  6 adders
  2 oozes (D:2)
  2 dart slugs (D:1)
  A leopard gecko (D:1)
  An orc (D:2)
  7 giant cockroaches
  4 goblins
  11 hobgoblins
  6 jackals (D:2)
  6 kobolds
  A quokka (D:3)
  10 bats
  A frilled lizard (D:1)
  5 rats
63 creatures vanquished.

Notes
Turn   | Place    | Note
-------+----------+-------------------------------------------
     0 | D:1      | nikopol the Deep Elf Fire Elementalist began the quest for the Orb.
     0 | D:1      | Reached XP level 1. HP: 10/10 MP: 6/6
   230 | D:1      | Reached XP level 2. HP: 15/15 MP: 4/8
   682 | D:1      | Reached XP level 3. HP: 19/19 MP: 6/10
   867 | D:1      | Learned a level 2 spell: Throw Flame
   871 | D:1      | Learned a level 3 spell: Conjure Flame
  1227 | D:2      | Reached XP level 4. HP: 13/24 MP: 6/12
  2162 | D:3      | Noticed Grinder
  2167 | D:3      | Paralysed by Grinder for 3 turns
  2173 | D:3      | Slain by a worker ant

Vault maps used:
D:1:      dpeg_arrival_signposts, serial_forest, infiniplex_forest_end_2,
          infiniplex_forest_corner_2, infiniplex_forest_clump_double,
          infiniplex_forest_straight_2, infiniplex_forest_lined_room_3,
          infiniplex_forest_clump_cross, infiniplex_forest_clump_long,
          infiniplex_forest_corner_1, minmay_tromino_v4_a
D:3:      fedhas_altar_4, uniq_grinder

Skill      XL: |  1  2  3 |
---------------+----------+-----
Stealth        | 3 |  3.0
Conjurations   | 2 |  2.9
Fire Magic     | 4 |  4.3
Spellcasting   | 4 |  4.2
Fighting       | |  0.4
Dodging        | |  2.8

Action                   |  1- 3 |  4- 6 || total
-------------------------+-------+-------++-------
 Cast: Flame Tongue      |    60 |    50 ||   110
  Eat: Chunk             |     1 |     3 ||     4
Armor: Robe              |     2 |     6 ||     8
Dodge: Dodged            |     7 |    11 ||    18
